 Dungeon Crawl Stone Soup version 0.25-a0-458-g6fc7858b95 (webtiles) character file.

Game seed: 4733536335324751434, levelgen mode: deterministic

748 Gargoyl the Chopper (level 7, 0/59 HPs)
             Began as a Centaur Abyssal Knight on Feb 1, 2020.
             Was a Priest of Lugonu.
             Killed by nerve-wracking pain
             ... invoked by an orc priest
              (14 damage)
             ... on level 5 of the Dungeon.
             The game lasted 00:07:13 (4291 turns).

Gargoyl the Chopper (Centaur Abyssal Knight)        Turns: 4291, Time: 00:07:14

Health: 0/59       AC:  9    Str: 15    XL:     7   Next: 48%
Magic:  9/10       EV: 10    Int: 11    God:    Lugonu [***...]
Gold:   267        SH:  0    Dex: 10    Spells: 6/6 levels left

rFire    + . .     SeeInvis +   o - +2 hand axe (elec)
rCold    . . .     Gourm    .   (no shield)
rNeg     . . .     Faith    .   l - +1 leather armour {rF+}
rPois    .         Spirit   .   p - +0 helmet
rElec    .         Reflect  .   u - +0 cloak
rCorr    .         Harm     .   h - +0 pair of gloves
MR       .....                  (no barding)
Stlth    ..........             b - amulet of the acrobat
HPRegen  0.19/turn              (no ring)
MPRegen  0.12/turn              g - ring of see invisible

@: invisible, very quick
A: large, hooves 3, deformed body, speed 2, tough skin 3
a: Depart the Abyss, Bend Space, Banish, Renounce Religion


You were on level 5 of the Dungeon.
You worshipped Lugonu.
Lugonu was most pleased with you.
You were not hungry.

You visited 1 branch of the dungeon, and saw 5 of its levels.
You visited the Abyss 1 time.

You collected 267 gold pieces.

Inventory:

Hand Weapons
 a - a +3 hand axe of flaming
 o - a +2 hand axe of electrocution (weapon)
Missiles
 s - 2 boomerangs (quivered)
Armour
 h - a +0 pair of gloves (worn)
 l - a +1 leather armour of fire resistance (worn)
 m - a +0 chain mail
 p - a +0 helmet (worn)
 u - a +0 cloak (worn)
Jewellery
 b - an amulet of the acrobat (around neck)
 g - a ring of see invisible (right hand)
 i - an uncursed ring of flight
Scrolls
 d - 3 scrolls of identify
 j - a scroll of remove curse
 q - a scroll of fog
Potions
 f - a potion of mutation {unknown}
 n - a potion of flight {unknown}
 r - a potion of cancellation {unknown}
Comestibles
 c - 7 rations


   Skills:
 + Level 4.2 Fighting
 + Level 4.3 Axes
 * Level 3.2 Armour
 * Level 2.8 Dodging
 * Level 4.0 Invocations


You had 6 spell levels left.
You didn't know any spells.
Your spell library was empty.

Dungeon Overview and Level Annotations

Branches:
Dungeon (5/15)             Temple (0/1) D:5

Altars:
Qazlal


Innate Abilities, Weirdness & Mutations

You have hooves in place of feet.
Armour fits poorly on your strangely shaped body.
You cover ground very quickly.
You have extremely tough skin. (AC +3)


Message History

Lugonu accepts your kill.
Your Invocations skill increases to level 4!
The orc priest hits you with a +1 vampiric falchion.
* * * LOW HITPOINT WARNING * * *
You feel better.
The orc priest hits you with a +1 vampiric falchion.
* * * LOW HITPOINT WARNING * * *
The orc priest draws strength from your wounds!
You barely miss the orc priest. The orc priest barely misses you.
You hit the orc priest but do no damage.
Your kick misses the orc priest.
The orc priest hits you with a +1 vampiric falchion.
* * * LOW HITPOINT WARNING * * *
You feel better.
The orc priest calls down the wrath of Beogh upon you.
You struggle to resist.
You fade into invisibility!
The orc priest calls down the wrath of Beogh upon you.
Pain shoots through your body!
You die...

**,****,,**.o...,..,,,,,* **,*,
**,,***,,,**,....#.###,,,* *,,,*
**,,***,,,***,*.......#...* *,..,
,,,**,,,*,***,**........>.* *.,.#
*****,***,,**,**#...,.....***..*.
*****,***,,,,,* #..#......*,,>..,
**,,,,**,,,****##..#....!.*,,,,..
**,*****,#.#####o.†#..#..[*,,*,*,
**,****,,#......@.........,,**,**
,*,**,,,*.............##..,,,,,**
,,,,,,,,,......##.?##.##..***,,,,
,*,******#...##*#..##.....,,,,**,
**,* #..,* #.).#.....,,,**#. **,*
##..#####†)(......,,,* #. *,,*
#........[.(......,,,* ## *,**
#........(........,,,* *,*
#.................,,<*


You could see an orc priest.

Vanquished Creatures
  Edmund (D:4)
  A centaur (D:5)
  A howler monkey (D:5)
  3 hounds (D:5)
  2 orc wizards
  6 worker ants
  A hound zombie (D:3)
  A hound skeleton (D:4)
  A worker ant zombie (D:5)
  6 adders
  A howler monkey skeleton (D:5)
  A shadow imp (D:5)
  An ufetubus (Abyss:2)
  3 oozes
  An adder skeleton (D:5)
  A worm (D:3)
  A dart slug (D:3)
  2 leopard geckos (D:2)
  14 orcs
  9 giant cockroaches
  6 goblins
  2 hobgoblins
  8 jackals
  2 kobolds
  2 quokkas (D:2)
  A ball python (D:1)
  11 bats
  8 frilled lizards
  6 rats
103 creatures vanquished.

Vanquished Creatures (others)
  7 toadstools (D:1)
7 creatures vanquished.

Grand Total: 110 creatures vanquished

Notes
Turn   | Place    | Note
-------+----------+-------------------------------------------
     0 | Abyss:1  | Gargoyl the Centaur Abyssal Knight began the quest for the
                  | Orb.
     0 | Abyss:1  | Reached XP level 1. HP: 19/19 MP: 2/2
    95 | Abyss:2  | Noticed a small abomination
    96 | D:1      | Escaped the Abyss
   268 | D:1      | Reached XP level 2. HP: 17/26 MP: 3/3
   272 | D:1      | Reached * piety under Lugonu
   483 | D:1      | Reached skill level 1 in Dodging
   687 | D:1      | Reached XP level 3. HP: 22/31 MP: 4/4
  1228 | D:2      | Reached ** piety under Lugonu
  1375 | D:2      | Found a faded altar of an unknown god.
  1873 | D:2      | Reached XP level 4. HP: 38/39 MP: 5/5
  2635 | D:3      | Reached XP level 5. HP: 46/46 MP: 7/7
  3294 | D:3      | Found a stormy altar of Qazlal.
  3349 | D:4      | Reached *** piety under Lugonu
  3498 | D:4      | Reached XP level 6. HP: 52/52 MP: 8/8
  3542 | D:4      | Noticed Edmund
  3571 | D:4      | Killed Edmund
  4038 | D:5      | Entered Level 5 of the Dungeon
  4083 | D:5      | Found a staircase to the Ecumenical Temple.
  4198 | D:5      | Reached XP level 7. HP: 56/59 MP: 9/9
  4291 | D:5      | Killed from afar by an orc priest

Levels and vault maps discovered:
D:1:      nagdon_arrival_double_spiral, layout_basic
D:2:      layout_basic, chequers_ecumenical_altar_lobes
D:3:      layout_basic, grunt_qazlal_clouds, serial_bayou_crossing
D:4:      layout_rooms, uniq_edmund
D:5:      layout_rooms, minmay_temple_entry_mini_moons, first_ration

Skill      XL: |  1  2  3  4  5  6  7 |
---------------+----------------------+-----
Dodging        | 1 2 |  2.8
Axes           | 2 3 4 |  4.3
Armour         | 2 3 |  3.2
Invocations    | 3 4 |  4.0
Fighting       | 4 |  4.2

Action                   |  1- 3 |  4- 6 |  7- 9 || total
-------------------------+-------+-------+-------++-------
Melee: Hand axe          |    83 |   145 |    21 ||   249
       Kick              |     9 |    25 |     4 ||    38
Invok: Depart the Abyss  |     1 |       |       ||     1
  Use: Scroll            |     9 |     6 |       ||    15
       Potion            |     1 |     3 |     4 ||     8
  Eat: Chunk             |     2 |     6 |     1 ||     9
Armor: Leather armour    |    37 |    57 |    11 ||   105
Dodge: Dodged            |    42 |    80 |    13 ||   135

Table legend:
 A = Non-vault XP
 B = Vault XP
 C = Vault XP percentage of total XP
 D = Non-vault monster count
 E = Vault monster count
 F = Vault count percentage of total count
                 A         B        C        D         E       F
            +---------+---------+-------+---------+---------+-------
      Total |     911 |     158 |  14.8 |     102 |       1 |   1.0
            +---------+---------+-------+---------+---------+-------
        D:1 |      53 |       0 |   0.0 |      27 |       0 |   0.0
        D:2 |     113 |       0 |   0.0 |      23 |       0 |   0.0
        D:3 |     101 |       0 |   0.0 |      19 |       0 |   0.0
        D:4 |     112 |     158 |  58.5 |      11 |       1 |   8.3
        D:5 |     524 |       0 |   0.0 |      21 |       0 |   0.0
    Abyss:2 |       8 |       0 |   0.0 |       1 |       0 |   0.0
            +---------+---------+-------+---------+---------+-------
